 Dungeon Crawl Stone Soup version 0.31-a0-152-g6aa68a64a1 (webtiles) character file.

Game seed: 3755574568420828067

210 lmSkywalker the Vexing (level 5, -1/41 HPs)
             Began as a Gnoll Hexslinger on June 11, 2023.
             Slain by an orc wizard
             ... wielding a +0 dagger of speed
              (4 damage)
             ... on level 4 of the Dungeon.
             The game lasted 00:10:45 (2688 turns).

lmSkywalker the Vexing (Gnoll Hexslinger)           Turns: 2688, Time: 00:10:45

Health: -1/41      AC:  2    Str: 10    XL:     5   Next: 87%
Magic:  9/9        EV: 14    Int: 12    God:
Gold:   158        SH:  0    Dex: 14    Spells: 9/10 levels left

rFire   . . .        a - +1 sling
rCold   . . .        (no shield)
rNeg    . . .        g - +0 robe {Will+}
rPois   .            (no helmet)
rElec   .            (no cloak)
rCorr   .            (no gloves)
SInv    .            (no boots)
Will    +....        (no amulet)
Stlth   ++           (no ring)
HPRegen 0.26/turn    (no ring)
MPRegen 0.11/turn

%: no passive effects
@: invisible
A: fangs 1, strong nose, distributed training
a: no special abilities


You were on level 4 of the Dungeon.
You visited 1 branch of the dungeon, and saw 4 of its levels.

You collected 158 gold pieces.

Inventory:

Hand Weapons
 a - a +1 sling (weapon)
Missiles
 d - 6 boomerangs
Armour
 c - a +0 robe
 g - a +0 robe of willpower (worn)
 i - an orb of wrath
 j - a +0 kite shield
Scrolls
 b - a scroll of poison
 e - a scroll of teleportation {unknown}
 h - a scroll of amnesia {unknown}
 k - a scroll of magic mapping
 l - a scroll of enchant armour {unknown}
 n - 4 scrolls of fog {unknown}
 p - a scroll of identify {unknown}
 q - a scroll of acquirement {unknown}
Potions
 f - a potion of invisibility
 m - 2 potions of degeneration {unknown}
 o - a potion of haste {unknown}
 r - a potion of attraction {unknown}
 s - a potion of curing {unknown}


   Skills:
 + Level 3.1 Fighting
 + Level 1.7 Short Blades
 + Level 1.7 Long Blades
 + Level 1.7 Axes
 + Level 1.7 Maces & Flails
 + Level 1.7 Polearms
 + Level 1.7 Staves
 + Level 4.9 Ranged Weapons
 + Level 1.7 Throwing
 + Level 1.7 Armour
 + Level 4.9 Dodging
 + Level 1.7 Stealth
 + Level 1.7 Shields
 + Level 1.7 Unarmed Combat
 + Level 3.3 Spellcasting
 + Level 1.3 Conjurations
 + Level 5.6 Hexes
 + Level 1.3 Summonings
 + Level 1.3 Necromancy
 + Level 1.3 Translocations
 + Level 1.3 Transmutations
 + Level 1.3 Fire Magic
 + Level 1.3 Ice Magic
 + Level 1.3 Air Magic
 + Level 1.3 Earth Magic
 + Level 1.3 Poison Magic
 + Level 2.0 Invocations
 + Level 1.7 Evocations


You had 9 spell levels left.
You knew the following spells:

 Your Spells              Type           Power      Damage    Failure   Level
a - Slow                  Hex            60%        N/A       2%          1

Your spell library contained the following spells:

 Spells                   Type           Power      Damage    Failure   Level
 Magic Dart               Conj           20%        1d4       14%         1
 Inner Flame              Hex/Fire       10%        N/A       17%         3
 Portal Projectile        Hex/Tloc       20%        N/A       17%         3
 Lesser Beckoning         Tloc           10%        N/A       21%         2
 Searing Ray              Conj           10%        2d4       21%         2
 Cause Fear               Hex            7%         N/A       24%         4
 Gell's Gravitas          Tloc           5%         N/A       38%         3
 Teleport Other           Tloc           5%         N/A       38%         3
 Fulminant Prism          Conj/Hex       5%         3d7       50%         4


Dungeon Overview and Level Annotations

Branches:
Dungeon (4/15)
 Temple: D:4-7

Altars:
The Shining One

Annotations:
D:3 Grinder, Ijyb


Innate Abilities, Weirdness & Mutations

You have very sharp teeth.
Your uncanny sense of smell can sniff out nearby items.
Your experience applies equally to all skills.


Message History

The sling bullet barely misses the orc wizard.
The orc wizard misses you.
Okay, then.
Fire: a) +1 sling
Press: ? - help, Q - select action, (/) - cycle Shift-Dir - straight line, f/p - orc wizard
Aim: an orc wizard, wielding a +0 dagger of speed and wearing a +0 robe (heavily wounded, 53% to hit)
You shoot a sling bullet. The sling bullet hits the orc wizard.
The orc wizard is severely wounded.
The orc wizard hits you with a +0 dagger of speed.
* * * LOW HITPOINT WARNING * * *
The orc wizard casts a spell at you. You resist with almost no effort.
Fire: a) +1 sling
Press: ? - help, Q - select action, (/) - cycle Shift-Dir - straight line, f/p - orc wizard
Aim: an orc wizard, wielding a +0 dagger of speed and wearing a +0 robe (severely wounded, 53% to hit)
You shoot a sling bullet.
The sling bullet barely misses the orc wizard.
The orc wizard closely misses you.
Fire: a) +1 sling
Press: ? - help, Q - select action, (/) - cycle Shift-Dir - straight line, f/p - orc wizard
Aim: an orc wizard, wielding a +0 dagger of speed and wearing a +0 robe (heavily wounded, 53% to hit)
You shoot a sling bullet.
The sling bullet completely misses the orc wizard.
The orc wizard points at you and mumbles some strange words.
The magic dart hits you!
* * * LOW HITPOINT WARNING * * *
The orc wizard hits you with a +0 dagger of speed.
* * * LOW HITPOINT WARNING * * *
It was a potion of invisibility.
You fade into invisibility!
The orc wizard completely misses you.
Fire: a) +1 sling
Press: ? - help, Q - select action, (/) - cycle Shift-Dir - straight line, f/p - orc wizard
Aim: an orc wizard, wielding a +0 dagger of speed and wearing a +0 robe (heavily wounded, unable to see you, 53% to hit)
You shoot a sling bullet.
The sling bullet hits the orc wizard but does no damage.
The orc wizard is heavily wounded.
The orc wizard closely misses you.
The orc wizard hits you with a +0 dagger of speed.
You die...

......................#
.#.................§≈§#
.#..#..............§≈§#
....##..............≈.#
....###.............≈.#
.....##...............#....
.....##....................
.....o...####.......#.....#
.....#...## ##.o@.^.#.....##
.....#....####..##..#... ..#
.....#.....##...##..#.##...#
................##..........
......##...###..#...........
.......#..####......_.##...
..##.....##.###.#.....# ..
..####........###.......
....................#.....


You could see an orc wizard (unable to see you).

Vanquished Creatures
  A scorpion (D:4)
  An orc priest (D:4)
  An iguana (D:4)
  4 adders (D:2)
  A dart slug (D:4)
  3 orcs
  8 ball pythons
  2 endoplasms
  2 giant cockroaches
  4 goblins
  4 hobgoblins
  6 jackals
  2 quokkas
  6 bats
  4 frilled lizards (D:1)
  2 kobolds
  3 rats
54 creatures vanquished.

Notes
Turn   | Place    | Note
-------+----------+-------------------------------------------
     0 | D:1      | lmSkywalker the Gnoll Hexslinger began the quest for the
                  | Orb.
     0 | D:1      | Reached XP level 1. HP: 17/17 MP: 4/4
    48 | D:1      | Reached XP level 2. HP: 18/23 MP: 5/5
    88 | D:1      | You fall into a shaft and drop 1 floor!
   904 | D:2      | Reached XP level 3. HP: 20/28 MP: 7/7
  1000 | D:2      | Reached skill level 1 in Invocations
  1071 | D:2      | Reached skill level 1 in Short Blades
  1071 | D:2      | Reached skill level 1 in Long Blades
  1071 | D:2      | Reached skill level 1 in Axes
  1071 | D:2      | Reached skill level 1 in Maces & Flails
  1071 | D:2      | Reached skill level 1 in Polearms
  1071 | D:2      | Reached skill level 1 in Staves
  1071 | D:2      | Reached skill level 1 in Throwing
  1071 | D:2      | Reached skill level 1 in Armour
  1071 | D:2      | Reached skill level 1 in Stealth
  1071 | D:2      | Reached skill level 1 in Shields
  1071 | D:2      | Reached skill level 1 in Unarmed Combat
  1071 | D:2      | Reached skill level 1 in Evocations
  1180 | D:2      | Reached XP level 4. HP: 25/34 MP: 6/8
  2046 | D:3      | Noticed Grinder
  2062 | D:2      | Reached skill level 1 in Conjurations
  2062 | D:2      | Reached skill level 1 in Summonings
  2062 | D:2      | Reached skill level 1 in Necromancy
  2062 | D:2      | Reached skill level 1 in Translocations
  2062 | D:2      | Reached skill level 1 in Transmutations
  2062 | D:2      | Reached skill level 1 in Fire Magic
  2062 | D:2      | Reached skill level 1 in Ice Magic
  2062 | D:2      | Reached skill level 1 in Air Magic
  2062 | D:2      | Reached skill level 1 in Earth Magic
  2062 | D:2      | Reached skill level 1 in Poison Magic
  2207 | D:4      | Found a glowing golden altar of the Shining One.
  2220 | D:3      | Noticed Ijyb
  2402 | D:4      | Reached XP level 5. HP: 40/40 MP: 9/9
  2688 | D:4      | Slain by an orc wizard

Illustrated notes

Levels and vault maps discovered:
D:1:      evilmike_arrival_crescent, layout_loops_ring, serial_forest,
          infiniplex_forest_clump_tiny, infiniplex_forest_lined_3_way,
          infiniplex_forest_straight_2, infiniplex_forest_lined_3,
          infiniplex_forest_diagonal, infiniplex_forest_clump_small,
          infiniplex_forest_end_2, minmay_crystal_water
D:2:      wander_river, layout_basic, minmay_tetromino_t2
D:3:      layout_basic, grunt_qazlal_clouds, uniq_grinder, uniq_ijyb,
          uniq_sigmund
D:4:      layout_cave_pools, mainiacjoe_overflow_boulevard

Skill      XL: |  1  2  3  4  5 |
---------------+----------------+-----
Invocations    | 1 2 |  2.0
Short Blades   | 1 |  1.7
Long Blades    | 1 |  1.7
Axes           | 1 |  1.7
Maces & Flails | 1 |  1.7
Polearms       | 1 |  1.7
Staves         | 1 |  1.7
Throwing       | 1 |  1.7
Armour         | 1 |  1.7
Stealth        | 1 |  1.7
Shields        | 1 |  1.7
Unarmed Combat | 1 |  1.7
Evocations     | 1 |  1.7
Spellcasting   | 3 |  3.3
Conjurations   | 1 |  1.3
Summonings     | 1 |  1.3
Necromancy     | 1 |  1.3
Translocations | 1 |  1.3
Transmutations | 1 |  1.3
Fire Magic     | 1 |  1.3
Ice Magic      | 1 |  1.3
Air Magic      | 1 |  1.3
Earth Magic    | 1 |  1.3
Poison Magic   | 1 |  1.3
Fighting       | 3 |  3.1
Ranged Weapons | |  4.9
Dodging        | |  4.9
Hexes          | |  5.6

Action                     |  1- 3 |  4- 6 || total
---------------------------+-------+-------++-------
   Fire: Sling             |    85 |    94 ||   179
   Cast: Slow              |     6 |    13 ||    19
    Use: Scroll            |       |     1 ||     1
         Potion            |       |     1 ||     1
 Armour: Robe              |    18 |     3 ||    21
  Dodge: Dodged            |    57 |    44 ||   101

Table legend: (Time is in decaauts)
 A = Elapsed time spent in this place.
 B = Non-inter-level travel time spent in this place.
 C = Inter-level travel time spent in this place.
 D = Time resting spent in this place.
 E = Time spent auto-exploring this place.
 F = Levels seen in this place.
 G = Mean time per level.
                   A        B        C        D        E       F      G
               +--------+--------+--------+--------+--------+-----+--------+
         Total |   2729 |   2573 |    156 |    323 |   1261 |   4 |  682.2 |
       Dungeon |   2729 |   2573 |    156 |    323 |   1261 |   4 |  682.2 |
               +--------+--------+--------+--------+--------+-----+--------+

Top non-repeatable levels by time:
     D:2: 1264 daAuts
     D:1: 873 daAuts
     D:4: 417 daAuts
     D:3: 174 daAuts
